 Dungeon Crawl Stone Soup version 0.30.1-4-g462c640d31 (webtiles) character file.

Game seed: 16941613179733818140

1355 Peloso the Slasher (level 8, 0/70 HPs)
             Began as a Minotaur Fighter on Aug 18, 2023.
             Slain by an orc warrior
             ... wielding a +0 glaive
              (15 damage)
             ... in a bailey.
             The game lasted 00:10:54 (4577 turns).

Peloso the Slasher (Minotaur Fighter)               Turns: 4577, Time: 00:10:55

Health: 0/70       AC: 25    Str: 20    XL:     8   Next: 37%
Magic:  7/7        EV:  6    Int:  4    God:
Gold:   199        SH:  9    Dex: 13    Spells: 7/7 levels left

rFire   . . .        a - +1 long sword (protect)
rCold   . . .        d - +0 kite shield
rNeg    + . .        e - +0 plate armour
rPois   +            (helmet restricted)
rElec   .            f - +2 ratskin cloak {*Rats rPois rN+ Str-1 Int-1 Dex+1}
rCorr   .            (no gloves)
SInv    .            i - +0 pair of boots
Will    .....        (no amulet) Stlth
                     (no ring)
HPRegen 0.31/turn    (no ring)
MPRegen 0.10/turn

%: no passive effects
@: mighty, under a protective aura
A: horns 2, retaliatory headbutt
a: no special abilities


You were in a bailey.
You visited 1 branch of the dungeon, and saw 7 of its levels.
You also visited: Bailey.

You collected 199 gold pieces.

Inventory:

Hand Weapons
 a - a +1 long sword of protection (weapon)
Armour
 b - a +0 scale mail
 c - a +0 chain mail
 d - a +0 kite shield (worn)
 e - a +0 plate armour (worn)
 f - the +2 ratskin cloak (worn) {*Rats rPois rN+ Str-1 Int-1 Dex+1}
   (You found it on level 3 of the Dungeon)

   *Rats:     When the wearer is hurt, rats may emerge from it to assist them.
   Str:       It affects your strength (-1).
   Int:       It affects your intelligence (-1).
   Dex:       It affects your dexterity (+1).
   rPois:     It protects you from poison.
   rN:        It protects you from negative energy.
 i - a +0 pair of boots (worn)
 n - a +2 cloak
Wands
 o - a wand of flame (19)
Scrolls
 g - a scroll of poison
 j - a scroll of amnesia {unknown}
 l - a scroll of immolation
Potions
 h - a potion of might
 k - a potion of flight {unknown}
 p - a potion of lignification


   Skills:
 + Level 5.6 Fighting
 + Level 7.8 Long Blades
 + Level 7.7 Armour
 + Level 2.5 Dodging
 + Level 0.8 Stealth
 + Level 5.6 Shields
 + Level 0.2 Evocations


You had 7 spell levels left.
You didn't know any spells.
Your spell library contained the following spells:

 Spells                   Type           Power      Damage    Failure   Level
 Magic Dart               Conj           0%         1d3       100%        1
 Lesser Beckoning         Tloc           0%         N/A       100%        2
 Searing Ray              Conj           0%         2d4       100%        2
 Gell's Gravitas          Tloc           0%         N/A       100%        3
 Teleport Other           Tloc           0%         N/A       100%        3
 Tukima's Dance           Hex            0%         N/A       100%        3
 Fulminant Prism          Conj/Hex       0%         3d5       100%        4
 Passage of Golubria      Tloc           0%         N/A       100%        4
 Yara's Violent Unravell  Hex/Tmut       0%         3d3       100%        5


Dungeon Overview and Level Annotations

Branches:
Dungeon (7/15)             Bailey (1/1)
 Temple: D:4-7

Altars:

Shops:
D:1 [

Annotations:
D:7 2 transporters, Quickbrownfox's ghost, novice DsCj


Innate Abilities, Weirdness & Mutations

You have a pair of horns on your head.
You reflexively headbutt those who attack you in melee.


Message History

You barely miss the orc. You headbutt the orc, but do no damage.
The orc warrior barely misses you. x2
The orc hits you from afar with a +0 trident.
The orc barely misses you.
Your hell rat closely misses the orc warrior.
You block the orc's attack. x2
The orc warrior hits you from afar with a +0 halberd.
The orc warrior hits you with a +0 glaive!
A river rat scurries out from under your cloak.
You barely miss the orc. You headbutt the orc!
You kill the orc!
Your hell rat closely misses the orc warrior.
The orc warrior hits you but does no damage.
You block the orc warrior's attack. The orc hits you but does no damage.
Your hell rat barely misses the orc warrior.
Unknown command.
Okay, then.
You feel very mighty all of a sudden.
Your hell rat bites the orc warrior.
The orc warrior hits you from afar with a +0 halberd.
You block the orc's attack.
An orc comes into view. It is wielding a +0 spear.
Your hell rat closely misses the orc warrior.
The orc warrior hits you with a +0 glaive!
* * * LOW HITPOINT WARNING * * *
Your river rat completely misses the orc warrior.
You block the orc warrior's attack. The orc hits you with a +0 trident.
* * * LOW HITPOINT WARNING * * *
You closely miss the orc warrior. Your headbutt misses the orc warrior.
Your hell rat bites the orc warrior!!
The orc warrior dies!
The orc warrior hits you but does no damage.
Your river rat bites the orc warrior.
The orc hits you but does no damage.
Unknown command.
You slash the orc warrior!
Your weapon exudes an aura of protection.
You headbutt the orc warrior!
The orc warrior is almost dead.
The orc warrior hits you with a +0 glaive!
You die...

#≈≈≈...................#
#≈≈≈≈............♣....♣#
#≈≈≈≈≈≈...#)...#...♣♣♣♣
#≈≈≈≈≈≈≈≈≈#....#≈≈≈≈≈♣♣#
#♣♣≈≈≈≈≈≈≈#..o.#≈≈≈≈≈≈≈#
♣.≈≈≈≈≈≈#....#≈≈≈≈≈≈≈#
♣...≈≈≈≈#....#≈≈≈≈≈≈≈#
♣♣......#...o#....≈≈≈#
♣♣.......)@)).....≈≈#
###.♣♣..o.r..♣.♣..♣
#.♣....r.......♣♣
#............###
##..........##
#..........#
#♣..∩..∩..♣# ♣........♣
♣♣......♣♣


You could see an orc warrior (ally target), 2 orcs, a friendly hell rat and a
friendly river rat.

Vanquished Creatures
  A wyvern (D:5)
  An orc warrior (Bailey)
  A phantom (D:6)
  2 gnoll sergeants
  A bullfrog (D:7)
  A scorpion (D:5)
  3 hounds
  2 iguanas
  A sleepcap (D:5)
  2 orc wizards
  6 adders
  15 gnolls
  A shadow imp (D:6)
  2 ufetubi (D:6)
  2 worms
  2 dart slugs (D:2)
  7 orcs
  3 endoplasms
  A giant cockroach (D:3)
  8 goblins
  7 hobgoblins
  5 quokkas
  2 ball pythons
  4 bats
  3 frilled lizards
  10 kobolds
  8 rats
101 creatures vanquished.

Vanquished Creatures (collateral kills)
  3 orc warriors
  A gnoll (D:4)
4 creatures vanquished.

Grand Total: 105 creatures vanquished

Notes
Turn   | Place    | Note
-------+----------+-------------------------------------------
     0 | D:1      | Peloso the Minotaur Fighter began the quest for the Orb.
     0 | D:1      | Reached XP level 1. HP: 19/19 MP: 0/0
   221 | D:1      | Reached XP level 2. HP: 27/27 MP: 1/1
   429 | D:1      | Found Icar's Antique Armour Shoppe.
   817 | D:2      | Reached XP level 3. HP: 33/33 MP: 2/2
  1579 | D:3      | Reached XP level 4. HP: 41/41 MP: 3/3
  1707 | D:3      | You fall into a shaft and drop 2 floors!
  1707 | D:5      | Entered Level 5 of the Dungeon
  1717 | D:5      | Noticed a wyvern
  1722 | D:5      | Killed a wyvern
  1723 | D:5      | Reached skill level 5 in Armour
  1723 | D:5      | Reached XP level 5. HP: 28/47 MP: 4/4
  1853 | D:5      | Reached XP level 6. HP: 9/53 MP: 5/5
  2074 | D:4      | Reached skill level 1 in Dodging
  2225 | D:3      | Found the +2 ratskin cloak {*Rats rPois rN+ Str-1 Int-1
                  | Dex+1}
  2272 | D:3      | Reached skill level 5 in Long Blades
  2961 | D:5      | Reached skill level 5 in Fighting
  2961 | D:5      | Reached XP level 7. HP: 48/61 MP: 6/6
  3453 | D:6      | Reached skill level 5 in Shields
  4138 | D:7      | Noticed a moth of wrath
  4139 | D:7      | Noticed Quickbrownfox's ghost (novice DsCj)
  4148 | D:7      | Found a transporter.
  4195 | D:7      | Found a transporter.
  4223 | D:7      | Reached XP level 8. HP: 22/69 MP: 7/7
  4364 | D:7      | Found a flagged portal.
  4387 | Bailey   | Entered a bailey
  4577 | Bailey   | Slain by an orc warrior

Illustrated notes

Levels and vault maps discovered:
D:1:      dpeg_arrival_oval, layout_basic, serial_shops,
          nicolae_shop_rolling_square
D:2:      layout_basic
D:3:      layout_basic, wander_ebering_terrifying_dragon_lair
D:4:      layout_loops_ring, uniq_grinder
D:5:      layout_rooms, lemuel_flamethrower_1
D:6:      layout_rooms
D:7:      layout_basic, mainiacjoe_overflow_two_lobes,
          mainiacjoe_overflow_swirl, minmay_temple_entry_glass, enter_bailey_7,
          gammafunk_ghost_berserking_beasts, uniq_menkaure
Bailey:   bailey_polearm_elven_captive_hellmonk, bailey

Skill      XL: |  1  2  3  4  5  6  7  8 |
---------------+-------------------------+-----
Armour         | 4 5 6 7 |  7.7
Fighting       | 4 5 |  5.6
Long Blades    | 3 4 5 7 |  7.8
Shields        | 4 5 |  5.6
Dodging        | 1 2 |  2.5
Stealth        | |  0.8
Evocations     | |  0.2

Action                     |  1- 3 |  4- 6 |  7- 9 || total
---------------------------+-------+-------+-------++-------
  Melee: Long sword        |   102 |   119 |   114 ||   335
         Headbutt          |    18 |    19 |    27 ||    64
  Evoke: Wand              |       |       |     5 ||     5
    Use: Potion            |     4 |       |     3 ||     7
         Scroll            |     1 |     2 |     5 ||     8
 Armour: Scale mail        |    10 |       |       ||    10
         Chain mail        |    65 |    53 |    92 ||   210
         Plate armour      |       |       |     7 ||     7
  Dodge: Dodged            |    35 |    53 |    47 ||   135
  Block: Buckler           |    33 |    22 |    10 ||    65
         Kite shield       |       |       |    51 ||    51
